 Dungeon Crawl Stone Soup version 0.26.0-10-g1f06aea511 (webtiles) character file.

Game seed: 16031001901697017268

68 Borgoz the Slasher (level 4, -3/37 HPs)
             Began as a Ghoul Gladiator on Jan 30, 2021.
             Killed from afar by Sigmund (8 damage)
             ... with a puff of flame
             ... on level 3 of the Dungeon.
             The game lasted 00:01:38 (1674 turns).

Borgoz the Slasher (Ghoul Gladiator)                Turns: 1674, Time: 00:01:38

Health: -3/37      AC:  4    Str: 15 (17) XL:     4   Next: 19%
Magic:  3/3        EV: 12    Int:  2 (3)  God:
Gold:   57         SH:  0    Dex: 11      Spells: 3/3 levels left

rFire    . . .     SeeInvis .   a - +0 long sword
rCold    + . .     Faith    .   (no shield)
rNeg     + + +     Spirit   .   b - +0 leather armour
rPois    ∞         Reflect  .   c - +0 helmet
rElec    .         Harm     .   (no cloak)
rCorr    .         Rampage  .   (no gloves)
Will     .....                  (no boots)
Stlth    +.........             (no amulet)
HPRegen  0.00/turn              (no ring)
MPRegen  0.08/turn              (no ring)

@: about to teleport
A: claws 1, cold resistance 1, negative energy resistance 3, inhibited
regeneration, torment resistance, unbreathing
a: no special abilities


You were on level 3 of the Dungeon.
You visited 1 branch of the dungeon, and saw 3 of its levels.

You collected 57 gold pieces.

Inventory:

Hand Weapons
 a - a +0 long sword (weapon)
 e - a cursed +0 short sword
Missiles
 d - 2 throwing nets (quivered)
Armour
 b - a +0 leather armour (worn)
 c - a +0 helmet (worn)
Scrolls
 f - a scroll of fear {unknown}


   Skills:
 + Level 2.7 Fighting
 * Level 3.3 Long Blades
 - Level 1.7 Throwing
 * Level 1.7 Armour
 + Level 3.1 Dodging


You had 3 spell levels left.
You didn't know any spells.
Your spell library was empty.

Dungeon Overview and Level Annotations

Branches:
Dungeon (3/15)

Altars:

Annotations:
D:3 Sigmund


Innate Abilities, Weirdness & Mutations

You thrive by killing the living.
You are immune to poison.
You have sharp fingernails.
Your flesh is cold resistant. (rC+)
You are immune to negative energy. (rN+++)
You do not regenerate when monsters are visible.
You are immune to unholy pain and torment.
You can survive without breathing.


Message History

* * * LOW HITPOINT WARNING * * *
Sigmund misses you.
As you read the scroll labelled ODWETS USMEOHI, it crumbles to dust.
It is a scroll of identify.
j - a scroll of teleportation
As you read the scroll of teleportation, it crumbles to dust.
You feel strangely unstable. Sigmund barely misses you.
You barely miss Sigmund.
Sigmund is moderately wounded.
Sigmund hits you but does no damage.
You hit Sigmund but do no damage.
Sigmund is moderately wounded.
Sigmund points at you and mumbles some strange words.
The puff of flame hits you.
* * * LOW HITPOINT WARNING * * *
You barely miss Sigmund.
Sigmund is moderately wounded.
Sigmund points at you and mumbles some strange words.
The puff of flame hits you!
You die... #.######## #......@@# ##########

You could see Sigmund.

Vanquished Creatures
  4 adders
  An ooze (D:2)
  A worm (D:1)
  A dart slug (D:1)
  3 bats (D:1)
  3 goblins
  5 hobgoblins
  2 jackals
  2 frilled lizards (D:1)
  A kobold (D:1)
  2 rats (D:1)
25 creatures vanquished.

Notes
Turn   | Place    | Note
-------+----------+-------------------------------------------
     0 | D:1      | Borgoz the Ghoul Gladiator began the quest for the Orb.
     0 | D:1      | Reached XP level 1. HP: 17/17 MP: 0/0
   258 | D:1      | Reached XP level 2. HP: 24/25 MP: 1/1
   574 | D:1      | Reached skill level 1 in Armour
   904 | D:1      | Reached XP level 3. HP: 18/30 MP: 2/2
  1236 | D:2      | Reached XP level 4. HP: 16/37 MP: 3/3
  1499 | D:2      | Noticed Sigmund
  1674 | D:3      | Killed from afar by Sigmund

Illustrated notes

Levels and vault maps discovered:
D:1:      nzn_arrival_depleted_hourglass, layout_loops_corners,
          minmay_misc_feat_doors
D:2:      layout_loops_cross, uniq_jessica, uniq_sigmund
D:3:      layout_basic, cheibriados_altar_1, st_stairs_8,
          uniq_crazy_yiuf_cottage

Skill      XL: |  1  2  3 |
---------------+----------+-----
Long Blades    | 3 |  3.3
Armour         | 1 |  1.7
Dodging        | 3 |  3.1
Fighting       | |  2.7
Throwing       | |  1.7

Action                   |  1- 3 |  4- 6 || total
-------------------------+-------+-------++-------
Melee: Long sword        |    69 |    23 ||    92
Throw: Throwing net      |       |     1 ||     1
  Use: Scroll            |       |     2 ||     2
       Potion            |       |     2 ||     2
Armor: Leather armour    |    24 |     5 ||    29
Dodge: Dodged            |    64 |    10 ||    74
       Rpst.: Long sword |    16 |     1 ||    17
